 Dungeon Crawl Stone Soup version 0.30.1-9-gdf580d7c3d (webtiles) character file.

Game seed: 8668117976718983664

186 Chiseanne the Chiller (level 5, 10/40 HPs)
             Began as a Demonspawn Wanderer on Oct 13, 2023.
             Quit the game on level 2 of the Dungeon.
             The game lasted 00:02:10 (1356 turns).

Chiseanne the Chiller (Demonspawn Wanderer)         Turns: 1356, Time: 00:02:11

Health: 10/40      AC: 11    Str: 13    XL:     5   Next: 38%
Magic:  6/6        EV: 11    Int: 11    God:
Gold:   99         SH:  0    Dex: 16    Spells: 6/6 levels left

rFire   . . .        h - +5 dagger
rCold   . . .        (no shield)
rNeg    . . .        b - +0 ring mail
rPois   .            (helmet restricted)
rElec   .            (no cloak)
rCorr   .            (no gloves)
SInv    .            (no boots)
Will    .....        (no amulet)
Stlth   +            (no ring)
HPRegen 0.26/turn    (no ring)
MPRegen 0.20/turn

%: no passive effects
@: sanguine armoured
A: antennae 1, magic regeneration, sanguine armour 1
a: no special abilities


You were on level 2 of the Dungeon.
You visited 1 branch of the dungeon, and saw 2 of its levels.

You collected 99 gold pieces.

Inventory:

Hand Weapons
 h - a +5 dagger (weapon)
Missiles
 e - 24 stones
Armour
 b - a +0 ring mail (worn)
Jewellery
 a - a ring of fire
 i - a ring of flight
Wands
 g - a wand of quicksilver (4)
Scrolls
 c - a scroll of teleportation
Potions
 f - 2 potions of berserk rage {unknown}
 j - 2 potions of lignification
 k - a potion of might {unknown}


   Skills:
 * Level 2.8 Fighting
 - Level 1.0 Short Blades
 * Level 3.2 Armour
 * Level 2.8 Dodging
 - Level 1.0 Stealth
 - Level 1.0 Spellcasting
 - Level 3.6 Ice Magic


You had 6 spell levels left.
You didn't know any spells.
Your spell library contained the following spells:

 Spells                   Type           Power      Damage    Failure   Level
 Freeze                   Ice            32%        1d5       16%         1
 Ensorcelled Hibernation  Hex/Ice        8%         N/A       43%         2
 Summon Ice Beast         Ice/Summ       4%         N/A       97%         4


Dungeon Overview and Level Annotations

Branches:
Dungeon (2/15)

Altars:


Innate Abilities, Weirdness & Mutations

You have a pair of small antennae on your head.
You regenerate magic rapidly.
When seriously injured, your blood forms armour. (AC +6)


Message History

Sigmund flickers and vanishes!
Deactivating autopickup; reactivate with Ctrl-A.
You miss something. Something hits you!
You hit something. Something hits you!
* * * LOW HITPOINT WARNING * * *
You feel better.
It was a potion of lignification.
You turn into a tree.
Your +0 ring mail melds into your body.
Your roots penetrate the ground.
Your blood armour dries and flakes away.
Something hits you but does no damage.
You cannot move.
You cannot move.
You barely miss something.
You hear some strange, mumbled words.
Something tries to affect you, but you resist.
You barely miss something. Something hits you!
You barely miss something. You hit something. Something hits you.
* * * LOW HITPOINT WARNING * * *
You completely miss something. You closely miss something.
Something hits you but does no damage.
You barely miss something. Your punch misses something.
Something hits you but does no damage.
You hit something. You hit something.
Reactivating autopickup.
You feel a bit more experienced.
Your transformation is almost over.
Your Fighting skill increases to level 2!
Your Armour skill increases to level 3!
Your Dodging skill increases to level 2!
You have reached level 4!
You feel agile.
You have reached level 5!
Your demonic ancestry asserts itself...
A pair of antennae grows on your head!
You feel less wooden.
Your +0 ring mail unmelds from your body.
Your blood congeals into armour.
Are you sure you want to abandon this character and quit the game? (Confirm with "yes".)

#.##.###.....
#.##.# #.....
####.##.###.####
#.............#
##.##.##..####.#
##............#
##......##..##.#
#....#####..##.#
#.@.## #..##.#
#..)..# #......
#.#..## #.###.#
#....# #. #.#
#.##.# #. #.# #.
#.# .#. # #.#
#.#


There were no monsters in sight!

Vanquished Creatures
  Sigmund (D:2)
  2 dart slugs (D:1)
  3 endoplasms (D:1)
  A giant cockroach (D:1)
  3 hobgoblins (D:1)
  3 jackals (D:1)
  3 kobolds (D:1)
  A quokka (D:1)
  A ball python (D:1)
  3 bats
  4 frilled lizards (D:1)
  2 rats (D:1)
27 creatures vanquished.

Notes
Turn   | Place    | Note
-------+----------+-------------------------------------------
     0 | D:1      | Chiseanne the Demonspawn Wanderer began the quest for the
                  | Orb.
     0 | D:1      | Chiseanne set off with the following items: a +0 short
                  | sword, a +0 ring mail, a scroll of teleportation; and the
                  | following spell memorised: Freeze; and the following spells
                  | available to memorise: Ensorcelled Hibernation, Summon Ice
                  | Beast.
     0 | D:1      | Reached XP level 1. HP: 13/13 MP: 2/2
   217 | D:1      | Gained mutation: When seriously injured, your blood forms
                  | armour. (AC +6) [demonic ancestry]
   217 | D:1      | Reached XP level 2. HP: 12/20 MP: 3/3
   233 | D:1      | Reached skill level 1 in Fighting
   797 | D:1      | Gained mutation: You regenerate magic rapidly. [demonic
                  | ancestry]
   797 | D:1      | Reached XP level 3. HP: 23/26 MP: 4/4
  1320 | D:2      | Noticed Sigmund
  1346 | D:2      | Killed Sigmund
  1347 | D:2      | Reached XP level 4. HP: 11/34 MP: 5/5
  1347 | D:2      | Gained mutation: You have a pair of small antennae on your
                  | head. [demonic ancestry]
  1347 | D:2      | Reached XP level 5. HP: 13/40 MP: 6/6
  1356 | D:2      | Quit the game

Illustrated notes

Levels and vault maps discovered:
D:1:      onia_arrival_mini_maze, layout_basic, kennysheep_another_room,
          minivault_11
D:2:      layout_loops_ring, minmay_heptomino_l4, uniq_sigmund

Skill      XL: |  1  2  3 |
---------------+----------+-----
Armour         | 2 3 |  3.2
Fighting       | 1 2 |  2.8
Dodging        | 2 |  2.8
Short Blades   | |  1.0
Stealth        | |  1.0
Spellcasting   | |  1.0
Ice Magic      | |  3.6

Action                     |  1- 3 |  4- 6 || total
---------------------------+-------+-------++-------
  Melee: Short sword       |    70 |       ||    70
         Dagger            |    74 |       ||    74
    Use: Potion            |     3 |       ||     3
         Scroll            |     2 |       ||     2
 Armour: Ring mail         |    60 |       ||    60
         Skin              |     3 |       ||     3
  Dodge: Dodged            |    61 |       ||    61
